 Dungeon Crawl Stone Soup version 0.31-a0-233-g139696dc86 (webtiles) character file.

Game seed: 475037338423632007

93 qw the Shooter (level 4, -3/36 HPs)
             Began as a Minotaur Hexslinger on July 9, 2023.
             Slain by an orc wizard
             ... wielding a +0 dagger
              (4 damage)
             ... on level 2 of the Dungeon.
             The game lasted 00:00:51 (1571 turns).

qw the Shooter (Minotaur Hexslinger)                Turns: 1571, Time: 00:00:52

Health: -3/36      AC:  4    Str: 13    XL:     4   Next: 36%
Magic:  4/4        EV: 12    Int: 10    God:
Gold:   113        SH:  0    Dex: 14    Spells: 4/5 levels left

rFire   . . .        Y - +1 sling
rCold   . . .        (no shield)
rNeg    . . .        c - +0 robe
rPois   .            (helmet restricted)
rElec   .            (no cloak)
rCorr   .            h - +1 pair of gloves
SInv    .            (no boots)
Will    .....        (no amulet)
Stlth   +            (no ring)
HPRegen 0.26/turn    (no ring)
MPRegen 0.09/turn

%: no passive effects
@: confused
A: horns 2, retaliatory headbutt
a: no special abilities


You were on level 2 of the Dungeon.
You visited 1 branch of the dungeon, and saw 3 of its levels.

You collected 113 gold pieces.


Innate Abilities, Weirdness & Mutations

You have a pair of horns on your head.
You reflexively headbutt those who attack you in melee.


   Skills:
 - Level 2.0 Fighting
 + Level 4.9 Ranged Weapons
 - Level 2.1 Dodging
 - Level 1.0 Spellcasting
 - Level 2.0 Hexes


You had 4 spell levels left.
You knew the following spells:

 Your Spells              Type           Power      Damage    Failure   Level
a - Slow                  Hex            16%        N/A       16%         1

Your spell library contained the following spells:

 Spells                   Type           Power      Damage    Failure   Level
 Inner Flame              Hex/Fire       2%         N/A       56%         3
 Portal Projectile        Hex/Tloc       4%         N/A       56%         3
 Cause Fear               Hex            2%         N/A       83%         4

Inventory:

Hand Weapons
 Y - a +1 sling (weapon)
Armour
 c - a +0 robe (worn)
 h - a +1 pair of gloves (worn)
Potions
 a - a potion of lignification {unknown}
 b - a potion of ambrosia {unknown}
 d - a potion of degeneration {unknown}
 e - a potion of curing {unknown}
 f - a potion of invisibility {unknown}
 g - a potion of enlightenment
 i - a potion of heal wounds {unknown}

Dungeon Overview and Level Annotations

Branches:
Dungeon (3/15)

Altars:


Message History

Something hits you.
1558 ||| STAIRDANCE You hear some strange, mumbled words.
A puff of flame appears from out of thin air!
The puff of flame hits you! The orc closely misses you. The orc misses you.
You furiously retaliate!
You headbutt the orc!
You kill the orc!
You climb upwards.
Reactivating autopickup.
There is a stone staircase leading down here.
There is a strange disturbance nearby!
Something hits you but does no damage.
Deactivating autopickup; reactivate with Ctrl-A.
You shoot a sling bullet. Something hits you but does no damage.
You shoot a sling bullet. Something completely misses you.
You shoot a sling bullet. Something hits you but does no damage.
You shoot a sling bullet. Something hits you.
You shoot a sling bullet.
You hear some strange, mumbled words.
Something tries to affect you, but you resist.
You shoot a sling bullet.
You hear some strange, mumbled words.
You are confused.
You shoot a sling bullet.
You hear some strange, mumbled words.
A magic dart appears from out of thin air!
The magic dart hits you! Something hits you.
You shoot a sling bullet. Something hits you but does no damage.
You shoot a sling bullet. Something hits you.
You shoot a sling bullet. Something hits you but does no damage.
You shoot a sling bullet. Something hits you.
You die...

......................#
###########(..........# ######
#.################## .....#
#.#.####.#.#...#.#.# .###.#
#.#....##.#..#..#.## .###.#
##.#'##.#.#..###..#.# ...#.#
#.......##..##.##..##
.#.#.#####......{#..##...##..#
................@).##..(..)..#
...#.#.%.........#..##...##..#
####.#.###.......##..##.##..##
#.#.# #.......#.#..###..#.#
####.#.# #.......##.#).#..#.##
#....#+###.......#.#.#...#.#.#
'................#############
#...#.....######.# ....#.....#
#.#


There were no monsters in sight!

Vanquished Creatures
  2 adders (D:2)
  A worm (D:2)
  3 dart slugs
  3 orcs
  5 ball pythons
  7 bats
  2 endoplasms (D:1)
  A giant cockroach (D:2)
  5 goblins (D:1)
  4 hobgoblins (D:1)
  5 jackals
  3 quokkas (D:2)
  7 frilled lizards
  8 kobolds
  5 rats
61 creatures vanquished.

Notes
Turn   | Place    | Note
-------+----------+-------------------------------------------
     0 | D:1      | qw the Minotaur Hexslinger began the quest for the Orb.
     0 | D:1      | Reached XP level 1. HP: 16/16 MP: 1/1
     0 | D:1      | 0 ||| qw: Version: 0.3-a-51-g015441d
     0 | D:1      | 0 ||| qw: Game counter: 3919
     0 | D:1      | 0 ||| qw: Melee chars always use a shield: true
     0 | D:1      | 0 ||| qw: God list: Okawaru
     0 | D:1      | 0 ||| qw: Allow faded altars: false
     0 | D:1      | 0 ||| qw: Do Orc after clearing Dungeon:15 true
     0 | D:1      | 0 ||| qw: Do second Lair branch before Depths: true
     0 | D:1      | 0 ||| qw: Lair rune preference: random
     0 | D:1      | 0 ||| qw: Goals: Normal
     0 | D:1      | 0 ||| PLANNING D:1-11
    96 | D:1      | Reached skill level 3 in Ranged Weapons
    96 | D:1      | Reached XP level 2. HP: 23/23 MP: 2/2
   238 | D:1      | 238 ||| FLEEEEING.
   310 | D:1      | Reached XP level 3. HP: 29/29 MP: 3/3
   677 | D:1      | 677 ||| UPGRADING to +1 pair of gloves.
   682 | D:1      | 682 ||| DROPPING ring of flight.
   683 | D:1      | 683 ||| READING scroll labelled BIM NUYVOLOWEAKK.
   684 | D:1      | 684 ||| READING scroll labelled BAERUT APESS.
   685 | D:1      | 685 ||| READING scroll labelled SILIOZ VOEXZU.
   689 | D:1      | 689 ||| DRINKING 2 glowing white potions.
   690 | D:1      | 690 ||| DROPPING scroll of poison.
   764 | D:2      | Reached skill level 4 in Ranged Weapons
   937 | D:2      | Reached XP level 4. HP: 36/36 MP: 4/4
  1122 | D:2      | 1122 ||| FLEEEEING.
  1123 | D:2      | 1123 ||| FLEEEEING.
  1124 | D:2      | 1124 ||| FLEEEEING.
  1125 | D:2      | 1125 ||| FLEEEEING.
  1126 | D:2      | 1126 ||| FLEEEEING.
  1127 | D:2      | 1127 ||| FLEEEEING.
  1128 | D:2      | 1128 ||| FLEEEEING.
  1129 | D:2      | 1129 ||| FLEEEEING.
  1130 | D:2      | 1130 ||| FLEEEEING.
  1131 | D:2      | 1131 ||| FLEEEEING.
  1132 | D:2      | 1132 ||| FLEEEEING.
  1133 | D:2      | 1133 ||| FLEEEEING.
  1134 | D:2      | 1134 ||| FLEEEEING.
  1135 | D:2      | 1135 ||| FLEEEEING.
  1136 | D:2      | 1136 ||| FLEEEEING.
  1137 | D:2      | 1137 ||| FLEEEEING.
  1138 | D:2      | 1138 ||| FLEEEEING.
  1139 | D:2      | 1139 ||| FLEEEEING.
  1140 | D:2      | 1140 ||| FLEEEEING.
  1141 | D:2      | 1141 ||| FLEEEEING.
  1142 | D:2      | 1142 ||| FLEEEEING.
  1143 | D:2      | 1143 ||| FLEEEEING.
  1144 | D:2      | 1144 ||| FLEEEEING.
  1145 | D:2      | 1145 ||| FLEEEEING.
  1146 | D:2      | 1146 ||| FLEEEEING.
  1147 | D:2      | 1147 ||| FLEEEEING.
  1148 | D:2      | 1148 ||| FLEEEEING.
  1149 | D:2      | 1149 ||| FLEEEEING.
  1150 | D:2      | 1150 ||| FLEEEEING.
  1151 | D:2      | 1151 ||| FLEEEEING.
  1152 | D:2      | 1152 ||| STAIRDANCE
  1202 | D:1      | 1202 ||| READING scroll labelled BANUXAFFE.
  1203 | D:1      | 1203 ||| READING scroll labelled GEUSEU TA TAOH.
  1398 | D:3      | 1398 ||| STAIRDANCE
  1432 | D:3      | 1432 ||| STAIRDANCE
  1475 | D:3      | 1475 ||| STAIRDANCE
  1522 | D:3      | 1522 ||| STAIRDANCE
  1558 | D:3      | 1558 ||| STAIRDANCE
  1567 | D:2      | HP: 5/36 [something/magic dart (7)]
  1567 | D:2      | HP: 1/36 [something (4)]
  1571 | D:2      | Slain by an orc wizard

Levels and vault maps discovered:
D:1:      lemuel_arrival_broad_hall, layout_basic, nicolae_eternal_life
D:2:      minmay_diamond_boxcup, layout_basic
D:3:      layout_rooms, uniq_pargi

Skill      XL: |  1  2  3 |
---------------+----------+-----
Ranged Weapons | 3 4 |  4.9
Fighting       | 2 |  2.0
Dodging        | |  2.1
Spellcasting   | |  1.0
Hexes          | |  2.0

Action                     |  1- 3 |  4- 6 || total
---------------------------+-------+-------++-------
   Fire: Sling             |   109 |    76 ||   185
    Use: Scroll            |     3 |     2 ||     5
         Potion            |     1 |       ||     1
 Armour: Robe              |     6 |    16 ||    22
  Dodge: Dodged            |    23 |    35 ||    58

Table legend:
 A = Non-vault XP
 B = Vault XP
 C = Vault XP percentage of total XP
 D = Non-vault monster count
 E = Vault monster count
 F = Vault count percentage of total count
                 A         B        C        D         E       F
            +---------+---------+-------+---------+---------+-------
      Total |     114 |      19 |  14.3 |      51 |      10 |  16.4
            +---------+---------+-------+---------+---------+-------
        D:1 |      56 |       0 |   0.0 |      32 |       0 |   0.0
        D:2 |      52 |      19 |  26.8 |      17 |      10 |  37.0
        D:3 |       6 |       0 |   0.0 |       2 |       0 |   0.0
            +---------+---------+-------+---------+---------+-------
